 Dungeon Crawl Stone Soup version 0.28.0-45-g0d030f2227 (webtiles) character file.

Game seed: 12517240857958567032

133 pkoi the Ruffian (level 4, -5/36 HPs)
             Began as a Demigod Gladiator on Apr 4, 2022.
             Killed by divine providence
             ... invoked by an orc priest
              (12 damage)
             ... on level 3 of the Dungeon.
             The game lasted 00:03:03 (2906 turns).

pkoi the Ruffian (Demigod Gladiator)                Turns: 2906, Time: 00:03:04

Health: -5/36      AC:  9    Str: 19    XL:     4   Next: 63%
Magic:  6/6        EV: 12    Int: 10    God:
Gold:   93         SH:  0    Dex: 15    Spells: 3/3 levels left

rFire   . . .      SeeInvis .     - Unarmed
rCold   . . .      Faith    .   (no shield)
rNeg    + . .      Spirit   .   h - +2 robe {rN+}
rPois   .          Reflect  .   b - +0 helmet
rElec   .          Harm     .   (no cloak)
rCorr   .          Rampage  .   (no gloves)
Will    .....                   (no boots)
Stlth   +.........              g - amulet of magic regeneration
HPRegen 0.12/turn               i - +4 ring of protection
MPRegen 0.50/turn               (no ring)

@: no status effects
A: high MP 1, forlorn, divine attributes
a: no special abilities


You were on level 3 of the Dungeon.
You visited 1 branch of the dungeon, and saw 3 of its levels.

You collected 93 gold pieces.

Inventory:

Hand Weapons
 f - a +0 dagger
Missiles
 c - 3 throwing nets (quivered)
Armour
 a - a +0 leather armour
 b - a +0 helmet (worn)
 h - a +2 robe of positive energy (worn)
Jewellery
 g - an amulet of magic regeneration (around neck)
 i - a +4 ring of protection (left hand)
Scrolls
 e - a scroll of teleportation
Potions
 j - a potion of might


   Skills:
 - Level 1.7 Fighting
 - Level 1.7 Throwing
 - Level 2.6 Dodging
 + Level 5.2 Unarmed Combat


You had 3 spell levels left.
You didn't know any spells.
Your spell library contained the following spells:

 Spells                   Type           Power      Damage    Failure   Level
 Beastly Appendage        Tmut           0%         N/A       36%         1
 Sublimation of Blood     Necr           0%         N/A       50%         2
 Wereblood                Tmut           0%         N/A       50%         2
 Ignite Poison            Fire/Tmut/Pois 0%         N/A       75%         3
 Mephitic Cloud           Conj/Pois/Air  0%         N/A       75%         3
 Spider Form              Tmut/Pois      0%         N/A       75%         3
 Freezing Cloud           Conj/Ice/Air   0%         6-21      100%        5
 Summon Hydra             Summ           0%         N/A       100%        7


Dungeon Overview and Level Annotations

Branches:
Dungeon (3/15)

Annotations:
D:1 Terence


Innate Abilities, Weirdness & Mutations

You have an increased reservoir of magic. (+10% MP)
You shall have no god before yourself.
Your divine heritage dramatically boosts your attributes as you level up.


Message History

The orc priest mumbles some strange prayers to Beogh against you.
Beogh smites you!
* * * LOW HITPOINT WARNING * * *
You are too injured to fight recklessly!
You are too injured to fight recklessly!
You are too injured to fight recklessly!
You are too injured to fight recklessly!
You are too injured to fight recklessly!
You are too injured to fight recklessly!
You are too injured to fight recklessly!
You are too injured to fight recklessly!
You are too injured to fight recklessly!
You are too injured to fight recklessly!
You are too injured to fight recklessly!
A frilled lizard comes into view.
The frilled lizard hisses angrily.
The orc priest mumbles some strange prayers to Beogh against you.
Beogh smites you!
* * * LOW HITPOINT WARNING * * *
You hear a shout!
The orc priest calls down the wrath of Beogh upon you.
Beogh smites you!
* * * LOW HITPOINT WARNING * * *
An orc comes into view. It is wielding a +0 mace.
The orc priest miscasts a cantrip.
There is an open door here.
Okay, then.
It was a potion of heal wounds.
You feel much better. The orc completely misses you.
The orc priest calls down the wrath of Beogh upon you.
Beogh smites you!
* * * LOW HITPOINT WARNING * * *
The orc priest mumbles some strange prayers to Beogh against you.
Beogh smites you!
* * * LOW HITPOINT WARNING * * *
The orc priest miscasts a cantrip.
There is an open door here.
The orc priest mumbles some strange prayers to Beogh against you.
Beogh smites you!
You die...

≈ ♣♣≈ ########### ♣P≈P
#########...##....##########♣≈PPP
...†......o..'o.@.'.......>♣≈≈≈≈♣
..####.##o..##....###....[.≈P≈≈P≈
..# #.##...##....# #.####.≈♣≈PP≈
### #.##...##....# #.#<).[♣≈≈≈≈≈
#o##...##....# #.####♣♣≈≈≈≈≈
######.##...##....# #.# ≈P♣≈≈≈
....##.##...####### #.# ♣≈≈≈≈≈≈
....##o##...# #.# ≈♣≈≈ ≈≈
....##.####### #.# .♣♣♣≈≈≈≈


You could see 2 orc priests and an orc.

Vanquished Creatures
  An orc wizard (D:2)
  A gnoll (D:1)
  5 adders
  2 dart slugs
  3 orcs (D:3)
  7 ball pythons
  3 endoplasms
  A giant cockroach (D:2)
  3 goblins
  7 hobgoblins
  3 bats (D:1)
  5 frilled lizards
  A kobold (D:1)
  7 rats
49 creatures vanquished.

Vanquished Creatures (others)
  2 demonic plants (D:1)
  5 plants (D:3)
  2 withered plants (D:1)
9 creatures vanquished.

Grand Total: 58 creatures vanquished

Notes
Turn   | Place    | Note
-------+----------+-------------------------------------------
     0 | D:1      | pkoi the Demigod Gladiator began the quest for the Orb.
     0 | D:1      | Reached XP level 1. HP: 17/17 MP: 3/3
   270 | D:1      | Reached skill level 3 in Unarmed Combat
   440 | D:1      | Reached XP level 2. HP: 21/24 MP: 4/4
  1540 | D:2      | Noticed Terence
  1623 | D:1      | Reached skill level 4 in Unarmed Combat
  1623 | D:1      | Reached XP level 3. HP: 7/29 MP: 5/5
  2310 | D:2      | Reached XP level 4. HP: 36/36 MP: 6/6
  2441 | D:2      | Reached skill level 5 in Unarmed Combat
  2906 | D:3      | Killed from afar by an orc priest

Illustrated notes

Levels and vault maps discovered:
D:1:      doesnt_arrival_eight_statues, layout_basic,
          shapermc_ecumenical_altar_gd
D:2:      layout_rooms, basic_altar, minmay_fountain_box, serial_park_tiny_pond,
          kennysheep_generic_room_12, uniq_terence
D:3:      layout_basic, mainiacjoe_overflow_alcove_4, ebering_ghost_gozag,
          serial_bayou_lake_a, uniq_ijyb

Skill      XL: |  1  2  3  4 |
---------------+-------------+-----
Unarmed Combat | 3 4 5 |  5.2
Fighting       | |  1.7
Throwing       | |  1.7
Dodging        | |  2.6

Action                   |  1- 3 |  4- 6 || total
-------------------------+-------+-------++-------
Melee: Unarmed           |   146 |    26 ||   172
       Punch             |     6 |     1 ||     7
  Use: Potion            |     3 |     1 ||     4
       Scroll            |     2 |     2 ||     4
 Stab: Sleeping          |     1 |       ||     1
Armor: Leather armour    |    49 |     3 ||    52
       Skin              |     5 |       ||     5
       Robe              |       |     8 ||     8
Dodge: Dodged            |    77 |    10 ||    87
